 Dungeon Crawl Stone Soup version 0.20.1-1-g8b1a95d (console) character file.

16503 hilaritas the Grappler (level 12, -2/183 HPs)
             Began as a Troll Berserker on Dec 11, 2017.
             Was a High Priest of Trog.
             Slain by Rupert
             ... wielding a +2 great sword of draining
              (30 damage)
             ... on level 12 of the Dungeon.
             The game lasted 00:30:55 (10273 turns).

hilaritas the Grappler (Troll Berserker)           Turns: 10273, Time: 00:30:56

Health: -2/183     AC: 10    Str: 34    XL:     12   Next: 10%
Magic:  11/11      EV: 10    Int:  6    God:    Trog [*****.]
Gold:   343        SH: 11    Dex: 15    Spells: 11/11 levels left

rFire    . . .     SeeInvis +     - Unarmed
rCold    . . .     Gourm    +   G - +0 shield
rNeg     . . .     Faith    .   S - +2 robe {MR+}
rPois    .         Spirit   .   (helmet restricted)
rElec    .         Reflect  .   w - +2 cloak of the Cast Vote {Dex+3}
rCorr    .         Harm     .   (gloves unavailable)
MR       +....                  (boots unavailable)
Stlth    ..........             (no amulet)
Regen    0.8/turn               l - ring of see invisible
MPRegen  0.2/turn               o - +3 ring of dexterity

@: berserking, heavily drained, very quick
A: unfitting armour, claws 3, fast metabolism 3, gourmand, regeneration 1,
shaggy fur 1, tough skin 2
a: Berserk, Trog's Hand, Brothers in Arms, Burn Spellbooks, Renounce Religion


You were on level 12 of the Dungeon.
You worshipped Trog.
Trog was extremely pleased with you.
You were very full.

You visited 1 branch of the dungeon, and saw 12 of its levels.
You also visited: Ossuary and Bailey.

You collected 755 gold pieces.
You spent 412 gold pieces at shops.

Inventory:

Hand Weapons
 a - a +3 morningstar of draining
Missiles
 W - 3 large rocks (quivered)
Armour
 w - the +2 cloak of the Cast Vote (worn) {Dex+3}
   (You bought it in a shop on level 5 of the Dungeon)

   It affects your dexterity (+3).
 G - a +0 shield (worn)
 H - a +2 robe of positive energy
 S - a +2 robe of magic resistance (worn)
Jewellery
 l - a ring of see invisible (left claw)
 o - a +3 ring of dexterity (right claw)
 p - an uncursed amulet of magic regeneration
 u - an uncursed ring of stealth
Wands
 n - a wand of iceblast (11/15)
 v - a wand of digging (12/24)
 x - a wand of disintegration (24/24)
 D - a wand of flame (27/48)
 L - a wand of digging (18/24)
 M - a wand of random effects (22/48)
 N - a wand of random effects (24/48)
 Q - a wand of paralysis (13/24)
Scrolls
 c - 6 scrolls of remove curse
 d - 5 scrolls of identify
 i - 2 scrolls of blinking
 j - 4 scrolls of recharging
 y - 7 scrolls of teleportation
 z - a scroll of magic mapping
 C - a scroll of fog
 X - a scroll of enchant weapon
Potions
 e - a potion of ambrosia
 f - a potion of degeneration {unknown}
 g - 6 potions of heal wounds
 h - a potion of agility {unknown}
 k - 4 potions of might
 m - 5 potions of haste
 s - a potion of flight {unknown}
 t - 2 potions of brilliance
 A - a potion of cancellation {unknown}
 B - 7 potions of curing
 E - a potion of mutation {unknown}
 I - 3 potions of magic
 O - a potion of lignification {unknown}
 U - a potion of invisibility {unknown}
Books
 F - a book of Frost

   Spells                             Type                      Level
   a - Freeze                         Ice                          1
   b - Throw Frost                    Conjuration/Ice              2
   c - Ozocubu's Armour               Charms/Ice                   3
   d - Throw Icicle                   Conjuration/Ice              4
   e - Summon Ice Beast               Ice/Summoning                4
   Trog disapproves of the use of such an item.
 P - a book of Flames

   Spells                             Type                      Level
   a - Flame Tongue                   Conjuration/Fire             1
   b - Throw Flame                    Conjuration/Fire             2
   c - Conjure Flame                  Conjuration/Fire             3
   d - Inner Flame                    Hexes/Fire                   3
   e - Sticky Flame                   Conjuration/Fire             4
   f - Fireball                       Conjuration/Fire             5
   Trog disapproves of the use of such an item.
 R - a book of Conjurations

   Spells                             Type                      Level
   a - Magic Dart                     Conjuration                  1
   b - Searing Ray                    Conjuration                  2
   c - Dazzling Spray                 Conjuration/Hexes            3
   d - Fulminant Prism                Conjuration/Hexes            4
   e - Force Lance                    Conjuration/Translocation    4
   f - Iskenderun's Mystic Blast      Conjuration                  4
   Trog disapproves of the use of such an item.
 T - a book of Clouds

   Spells                             Type                      Level
   a - Poisonous Vapours              Poison/Air                   2
   b - Mephitic Cloud                 Conjuration/Poison/Air       3
   c - Conjure Flame                  Conjuration/Fire             3
   d - Freezing Cloud                 Conjuration/Ice/Air          6
   e - Ring of Flames                 Charms/Fire                  7
   Trog disapproves of the use of such an item.
 Y - a book of Cantrips

   Spells                             Type                      Level
   a - Confusing Touch                Hexes                        1
   b - Animate Skeleton               Necromancy                   1
   c - Summon Small Mammal            Summoning                    1
   d - Apportation                    Translocation                1
   Trog disapproves of the use of such an item.
Miscellaneous
 K - a box of beasts
Comestibles
 b - 18 bread rations
 q - 4 meat rations
 r - 12 royal jellies
 J - a fruit
 V - 2 chunks of flesh


   Skills:
 * Level 8.4(5.7) Fighting
 * Level 6.6(4.0) Armour
 - Level 6.0(3.5) Dodging
 - Level 9.0(6.3) Shields
 - Level 10.0(7.2) Unarmed Combat


You had 11 spell levels left.
You didn't know any spells.

Dungeon Overview and Level Annotations

Branches:
Dungeon (12/15)            Temple (0/1) D:7            Lair (0/6) D:8
    Orc (0/2) D:12

Altars:
Dithmenos
Gozag
Hepliaklqana
Nemelex Xobeh
Okawaru
Ru
Sif Muna
Zin

Shops:
D:5 [[[(?   D:7 *   D:10 %

Annotations:
D:12 Rupert


Innate Abilities, Weirdness & Mutations

You are too large for most types of armour.
You have claws for hands.
Your metabolism is lightning-fast.
You like to eat raw meat.
Your natural rate of healing is unusually fast.
You are covered in fur. (AC +1)
You have very tough skin. (AC +2)


Message History

Rupert is moderately wounded.
You claw Rupert!
Rupert is moderately wounded.
You block Rupert's attack.
You claw Rupert!
Rupert is moderately wounded.
Rupert hits you with a great sword of draining!!
You feel drained.
You scratch Rupert.
Rupert is moderately wounded.
Your shield prevents you from hitting Rupert.
Rupert is moderately wounded.
Rupert hits you with a great sword of draining!!
* * * LOW HITPOINT WARNING * * *
You feel drained.
* * * LOW HITPOINT WARNING * * *
You mangle Rupert!!
Rupert is heavily wounded.
Rupert hits you with a great sword of draining!!
You die...

*******,,,,,,,,,,,,,,,,**,*
*******,,*******,**,* *,**
*,**,* *,* *,**,* *,*
*,**,* *,*#### *,**,*
*,,...###*,**,*
***#....,,,**,*
#..#******,*
######@.######*,*
#.....@.......,,*
#.####..######*** ********
##.####..# ,,,,,,,*
#........# ******,*
#..####.## ******,* #..#
#.# ,,,,,#.###..# #.#
,,,,,#......# #.#
,,_,,#.###.## *,*
,,,,,#####.# *,**
,,,,,#...<.# *,,*


You could see Rupert (berserk).

Vanquished Creatures
  The ghost of Statics the Black Belt, a journeyman OpFi of Cheibriados (Bailey)
  Josephine (D:10)
  Fannar (D:11)
  2 two-headed ogres
  A wizard (D:10)
  An unseen horror (D:10)
  An ugly thing (D:11)
  2 manticores (D:11)
  Maurice (D:10)
  Joseph (D:7)
  A gargoyle (D:8)
  A komodo dragon (D:7)
  A troll (D:9)
  The ghost of Kingsmith the Nimble, a novice FeBe of Trog (Bailey)
  A queen bee (D:9)
  A hippogriff (D:11)
  Prince Ribbit (D:6)
  Sigmund (D:3)
  A shadow (D:11)
  A wyvern (D:9)
  Eustachio (D:6)
  3 hungry ghosts
  3 wraiths (D:10)
  4 yaks (D:12)
  Grum (D:11)
  Edmund (D:6)
  Duvessa (D:6)
  A water moccasin (D:10)
  2 ice beasts
  A hornet zombie (D:7)
  A black bear (D:8)
  9 orc warriors
  2 phantoms
  An ogre (D:10)
  3 sky beasts
  3 necrophages
  5 centaurs
  2 wolves (D:11)
  3 bullfrogs
  An elf zombie (Ossuary)
  6 scorpions
  15 killer bees (D:9)
  Dowan (D:6)
  A howler monkey (D:5)
  14 wights
  9 crimson imps
  A human zombie (Ossuary)
  3 jellies
  2 centaur zombies
  7 hounds
  3 orc priests
  3 bullfrog zombies
  3 bullfrog skeletons
  15 orc wizards
  Jessica (D:3)
  Ijyb (D:3)
  Terence (D:3)
  4 worker ants
  4 iguanas
  3 big kobold zombies (Ossuary)
  A hound skeleton (D:9)
  3 mummies
  Robin (D:2)
  A howler monkey skeleton (D:4)
  A howler monkey zombie (D:6)
  5 gnolls
  11 adders
  3 shadow imps
  3 oozes
  3 adder zombies
  2 adder skeletons (D:6)
  2 worms (D:2)
  3 dart slugs
  6 leopard geckos
  46 orcs
  6 bats
  5 giant cockroaches
  24 goblins
  9 hobgoblins
  11 jackals
  19 kobolds
  6 quokkas
  4 ball pythons
  5 frilled lizards
  2 goblin zombies (Ossuary)
  8 hobgoblin zombies (Ossuary)
  2 jackal zombies
  6 kobold zombies (Ossuary)
  A leopard gecko zombie (D:7)
  12 orc zombies (Ossuary)
  7 rats
385 creatures vanquished.

Notes
Turn   | Place    | Note
-------+----------+-------------------------------------------
     0 | D:1      | hilaritas the Troll Berserker began the quest for the Orb.
     0 | D:1      | Reached XP level 1. HP: 22/22 MP: 0/0
    15 | D:1      | Reached XP level 2. HP: 20/29 MP: 1/1
   311 | D:1      | Reached XP level 3. HP: 35/36 MP: 2/2
   414 | D:1      | Reached skill level 4 in Unarmed Combat
   481 | D:1      | Reached ** piety under Trog
   580 | D:2      | Noticed Robin
   748 | D:2      | Killed Robin
   832 | D:2      | Reached XP level 4. HP: 44/44 MP: 3/3
  1223 | D:2      | Reached skill level 5 in Unarmed Combat
  1326 | D:2      | Found an iron altar of Okawaru.
  1374 | D:2      | Found a hazy altar of Hepliaklqana.
  1679 | D:3      | Reached *** piety under Trog
  1679 | D:3      | Reached XP level 5. HP: 53/53 MP: 4/4
  1691 | D:3      | Reached skill level 6 in Unarmed Combat
  1794 | D:3      | Noticed Jessica
  1798 | D:3      | Killed Jessica
  1798 | D:3      | Reached XP level 6. HP: 60/61 MP: 5/5
  1959 | D:3      | Noticed Sigmund
  1963 | D:3      | Noticed Ijyb
  1970 | D:3      | Killed Sigmund
  1970 | D:3      | Reached skill level 7 in Unarmed Combat
  1980 | D:3      | Killed Ijyb
  2266 | D:3      | Found a faded altar of an unknown god.
  2268 | D:3      | Noticed Terence
  2271 | D:3      | Reached XP level 7. HP: 63/67 MP: 6/6
  2273 | D:3      | Killed Terence
  2443 | D:4      | Reached skill level 8 in Unarmed Combat
  3341 | D:4      | Found a sacrificial altar of Ru.
  3467 | D:5      | Entered Level 5 of the Dungeon
  3467 | D:5      | Found Utanejuo's Antique Armour Shop.
  3510 | D:5      | Reached **** piety under Trog
  3539 | D:5      | Reached skill level 9 in Unarmed Combat
  3743 | D:5      | Found Iczuolun's Antique Armour Emporium.
  3785 | D:5      | Reached XP level 8. HP: 33/75 MP: 7/7
  3891 | D:5      | Found Miqi's Antique Armour Emporium.
  3999 | D:5      | Found Oguepohozu's Antique Weapon Emporium.
  4014 | D:5      | Found Ylug's Magic Scroll Emporium.
  4355 | D:5      | Bought a jewelled cloak for 313 gold pieces
  4360 | D:5      | Identified the +2 cloak of the Cast Vote {Dex+3} (You bought it in a shop on level 5 of the Dungeon)
  4451 | D:6      | Found an opulent altar of Gozag.
  4470 | D:6      | Reached skill level 10 in Unarmed Combat
  4530 | D:6      | Noticed Prince Ribbit
  4546 | D:6      | Killed Prince Ribbit
  4546 | D:6      | Reached skill level 1 in Armour
  4632 | D:6      | Noticed Eustachio
  4647 | D:6      | Killed Eustachio
  4814 | D:6      | Noticed Dowan
  4817 | D:6      | Noticed Duvessa
  4823 | D:6      | Killed Dowan
  4828 | D:6      | Killed Duvessa
  4828 | D:6      | Reached XP level 9. HP: 42/85 MP: 8/8
  5006 | D:6      | Found a sparkling altar of Nemelex Xobeh.
  5327 | D:6      | Noticed Edmund
  5338 | D:6      | Killed Edmund
  5338 | D:6      | Reached skill level 5 in Fighting
  5415 | D:7      | Found Veejom's General Store.
  5415 | D:7      | Found a staircase to the Ecumenical Temple.
  5452 | D:7      | Found a sand-covered staircase.
  5466 | Ossuary  | Entered an ossuary
  5535 | Ossuary  | Reached ***** piety under Trog
  5597 | Ossuary  | Received a gift from Trog
  5754 | D:7      | Noticed a komodo dragon
  5762 | D:7      | Killed a komodo dragon
  6191 | D:7      | Received a gift from Trog
  6302 | D:5      | Bought a glowing robe for 99 gold pieces
  6485 | D:7      | Noticed Joseph
  6500 | D:7      | Reached skill level 1 in Shields
  6511 | D:7      | Killed Joseph
  6695 | D:8      | Found a staircase to the Lair.
  6804 | D:8      | Reached XP level 10. HP: 100/100 MP: 9/9
  7058 | D:8      | Noticed a gargoyle
  7065 | D:8      | Reached skill level 5 in Dodging
  7081 | D:8      | Killed a gargoyle
  7119 | D:8      | Found a sacrificial altar of Ru.
  7145 | D:8      | Reached skill level 5 in Armour
  7218 | D:8      | Found a deep blue altar of Sif Muna.
  7431 | D:8      | Found a glowing silver altar of Zin.
  7552 | D:9      | Found a flagged portal.
  7563 | Bailey   | Entered a bailey
  7563 | Bailey   | Noticed Kingsmith's ghost (novice FeBe)
  7570 | Bailey   | Killed Kingsmith's ghost
  7585 | Bailey   | Noticed Statics's ghost (journeyman OpFi)
  7608 | Bailey   | Killed Statics's ghost
  8311 | D:9      | Reached skill level 5 in Shields
  8363 | D:9      | Reached XP level 11. HP: 103/109 MP: 10/10
  8632 | D:10     | Entered Level 10 of the Dungeon
  8632 | D:10     | Found Ozaywkek's Food Shop.
  8707 | D:10     | Noticed Maurice
  8712 | D:10     | Killed Maurice
  8835 | D:10     | Got a transparent long sword
  8836 | D:10     | Lost intelligence.
  8836 | D:10     | Identified the +8 long sword of Bemud {freeze, MP+9 Int-5 Dex+8 Stlth+} (You found it on level 10 of the Dungeon)
  8916 | D:10     | Found a shadowy altar of Dithmenos.
  8925 | D:10     | Noticed Josephine
  8925 | D:10     | Noticed a wizard
  8959 | D:10     | Noticed an unseen horror
  8961 | D:10     | Killed Josephine
  8975 | D:10     | Killed a wizard
  8980 | D:10     | Killed an unseen horror
  9109 | D:10     | Received a gift from Trog
  9327 | D:10     | Noticed a two-headed ogre
  9332 | D:10     | Killed a two-headed ogre
  9752 | D:11     | Noticed Fannar
  9764 | D:11     | Killed Fannar
  9888 | D:11     | Noticed Grum
  9903 | D:11     | Killed Grum
 10003 | D:11     | Noticed a two-headed ogre
 10007 | D:11     | Killed a two-headed ogre
 10007 | D:11     | Reached XP level 12. HP: 92/119 MP: 11/11
 10260 | D:12     | Noticed Rupert
 10261 | D:12     | Paralysed by Rupert for 3 turns
 10273 | D:12     | Slain by Rupert

Skill      XL: |  1  2  3  4  5  6  7  8  9 10 11 |
---------------+----------------------------------+-----
Unarmed Combat | 4 5 6 7 9 10 | 10.0
Fighting       | 3 4 6 7 8 |  8.4
Armour         | 3 4 5 6 |  6.6
Dodging        | 3 4 6 |  6.0
Shields        | 1 5 9 |  9.0

Action                   |  1- 3 |  4- 6 |  7- 9 | 10-12 || total
-------------------------+-------+-------+-------+-------++-------
Melee: Unarmed           |    92 |   129 |   363 |   570 ||  1154
       Punch             |       |     4 |    16 |       ||    20
Throw: Large rock        |       |       |       |    11 ||    11
Invok: Berserk           |     2 |     1 |       |     4 ||     7
       Trog's Hand       |       |     2 |     1 |     6 ||     9
  Use: Scroll            |       |       |    16 |     6 ||    22
 Stab: Sleeping          |       |     1 |     1 |     1 ||     3
  Eat: Chunk             |    15 |    15 |    38 |    62 ||   130
       Royal jelly       |       |       |     2 |       ||     2
       Fruit             |       |       |       |     1 ||     1
Armor: Animal skin       |    43 |    31 |    87 |       ||   161
       Robe              |       |       |     3 |   141 ||   144
Dodge: Dodged            |    49 |    61 |   135 |   232 ||   477
Block: Shield            |       |       |    10 |   311 ||   321
